 Dungeon Crawl Stone Soup version 0.31-a0-986-g5e6e4ef867 (webtiles) character file.

Game seed: 2717264505764751125

691 avis the Changeling (level 7, 30/30 HPs)
             Began as a Felid Shapeshifter on Nov 21, 2023.
             Got out of the dungeon alive.
             The game lasted 00:16:08 (3525 turns).

avis the Changeling (Felid Shapeshifter)            Turns: 3525, Time: 00:16:09

Health: 30/30      AC:  2    Str: 10    XL:     7   Next: 36%
Magic:  8/8        EV: 21    Int: 11    God:
Gold:   247        SH:  0    Dex: 18    Spells: 6/6 levels left
                                        Lives:  0   Deaths: 3

rFire   . .          .
                       - Unarmed
rCold   . . .        (shield unavailable)
rNeg    . . .        (body armour unavailable)
rPois   +            (helmet unavailable)
rElec   .            (cloak unavailable)
rCorr   .            (gloves unavailable)
SInv    +            (boots unavailable)
Will    +....        (no amulet)
Stlth   +            c - ring of poison resistance
HPRegen 0.25/turn    (no ring)
MPRegen 0.11/turn

%: no passive effects
@: flux-form, glowing, quick
A: glow, contaminating, very small, claws 1, fangs 3, see invisible, speed 1,
shaggy fur 2, stealthy paws, no weapons or thrown items, no armour, multi-lived
a: Begin Untransformation


You escaped.
You were something dangerously unstable.
You visited 1 branch of the dungeon, and saw 5 of its levels.

You collected 247 gold pieces.

Inventory:

Jewellery
 c - a ring of poison resistance (left paw)
 p - a +4 ring of protection
Talismans
 b - a beast talisman
 f - a flux talisman (active)
 s - a serpent talisman
Scrolls
 a - 2 scrolls of torment {unknown}
 d - 3 scrolls of teleportation {unknown}
 e - a scroll of poison {unknown}
 g - a scroll of immolation {unknown}
 h - a scroll of brand weapon {unknown}
 i - 4 scrolls of revelation {unknown}
 j - a scroll of enchant armour {unknown}
 l - 5 scrolls of identify {unknown}
 m - a scroll of noise {unknown}
 n - a scroll of amnesia {unknown}
 q - a scroll of blinking {unknown}
Potions
 k - a potion of resistance {unknown}


   Skills:
 - Level 2.0 Fighting
 * Level 7.0 Dodging
 - Level 3.0 Unarmed Combat
 - Level 7.0 Shapeshifting


You had 6 spell levels left.
You didn't know any spells.
Your spell library contained the following spells:

 Spells                   Type           Power      Damage    Failure   Level
 Apportation              Tloc           0%         N/A       34%         1
 Jinxbite                 Hex            0%         N/A       47%         2
 Alistair's Intoxication  Tmut/Pois      0%         N/A       100%        5


Dungeon Overview and Level Annotations

Branches:
Dungeon (5/15)
 Temple: D:4-7

Altars:
Fedhas
Qazlal


Innate Abilities, Weirdness & Mutations

You are something dangerously unstable.
You glow with magical radiation, making you easy to see and hit.
Foes you strike become dangerously contaminated with magical radiation.
You have sharp claws.
You have razor-sharp teeth.
You have supernaturally acute eyesight. (SInv)
You cover ground quickly. (Speed+)
You are covered in thick fur. (AC +2)
Your paws help you pounce on unaware monsters.
You are incapable of wielding weapons or throwing items.
You cannot wear armour.
You gain extra lives every three experience levels.


Message History

The centaur completely misses you. The centaur barely misses you. x2
You closely miss the centaur.
The centaur is almost dead.
The centaur misses you. The centaur completely misses you.
The orc barely misses you. The centaur hits you.
* * * LOW HITPOINT WARNING * * *
The centaur barely misses you. The centaur completely misses you.
The centaur barely misses you.
You scratch the centaur.
You kill the centaur!
The centaur misses you. The centaur kicks you.
* * * LOW HITPOINT WARNING * * *
The orc hits you but does no damage. The centaur barely misses you. x2
Your Dodging skill increases to level 7!
You feel attractive to monsters. The orc misses you. The centaur hits you.
You die...
Your shape twists and changes as you die.
The centaur completely misses you.
You rejoin the land of the living...
Found 14 gold pieces.
You now have 247 gold pieces (gained 14).
You open the door.
There is an open door here.
There is an open door here.
There is a stone staircase leading up here.
You climb upwards.
There is a stone staircase leading down here.
What level of the Dungeon? (default 4, ? - help)
There is a stone staircase leading up here.
You climb upwards.
There is a stone staircase leading down here.
There is a stone staircase leading up here.
You climb upwards.
There is a stone staircase leading down here.
There is a stone staircase leading up here.
You climb upwards.
There is a stone staircase leading down here.
There is a staircase leading out of the dungeon here.
You have escaped!

..#### #.#...............# #....
#....###...##.....#......####....
####......####....##.....[......#
###...#####....##.............
#..............##.............
####..######..#########.......###
...#..####...#.#########..#...÷##
......##...####.#©##©........)...
.........####..#p###.............
..............#.#.##.............
....(###########.#.#.............
.....# ##...####............
...### ######.........####.......
########.......######## #.......
#..........##### ##......
.........### #...... ##########
#######


There were no monsters in sight!

Vanquished Creatures
  A black bear (D:4)
  2 centaurs
  A howler monkey (D:4)
  2 jellies
  3 iguanas
  An orc wizard (D:5)
  Natasha (thrice) (D:3)
  3 gnolls (D:3)
  3 adders
  A worm (D:2)
  2 dart slugs
  12 orcs
  3 bats
  11 endoplasms
  4 giant cockroaches
  7 goblins
  6 hobgoblins
  3 jackals
  8 kobolds
  4 quokkas
  11 ball pythons
  3 frilled lizards
  4 rats
98 creatures vanquished.

Notes
Turn   | Place    | Note
-------+----------+-------------------------------------------
     0 | D:1      | avis the Felid Shapeshifter began the quest for the Orb.
     0 | D:1      | Reached XP level 1. HP: 9/9 MP: 2/2
    64 | D:1      | Found a faded altar of an unknown god.
   143 | D:1      | Reached XP level 2. HP: 10/13 MP: 3/3
   601 | D:2      | Reached XP level 3. HP: 12/16 MP: 4/4
   715 | D:2      | You fall into a shaft and drop 2 floors!
   756 | D:4      | Reached skill level 5 in Dodging
   756 | D:4      | Reached XP level 4. HP: 8/19 MP: 5/5
  1304 | D:3      | Slain by a gnoll
  1444 | D:3      | Found a blossoming altar of Fedhas.
  1512 | D:3      | Found a stormy altar of Qazlal.
  1513 | D:3      | Noticed Natasha
  1527 | D:3      | Killed Natasha
  1528 | D:3      | Reached XP level 5. HP: 21/22 MP: 6/6
  1596 | D:3      | Noticed Natasha
  1606 | D:3      | Killed Natasha
  2047 | D:3      | Noticed Natasha
  2054 | D:3      | Killed Natasha
  2070 | D:4      | Reached skill level 5 in Shapeshifting
  2303 | D:4      | Gained mutation: You are covered in thick fur. (AC +2)
                  | [Felid growth]
  2303 | D:4      | Reached XP level 6. HP: 26/26 MP: 7/7
  2667 | D:4      | Reached XP level 7. HP: 13/30 MP: 8/8
  3320 | D:5      | Entered Level 5 of the Dungeon
  3401 | D:5      | Killed from afar by an orc wizard
  3432 | D:5      | Slain by a centaur
  3525 | D:$      | Got out of the dungeon alive.

Illustrated notes

Levels and vault maps discovered:
D:1:      spicycebolla_arrival_risky_transporter, layout_rooms,
          basic_ecumenical_altar
D:2:      layout_rooms
D:3:      layout_loops_ring, lemuel_round_altar,
          mainiacjoe_overflow_surrounded_room, nicolae_titane, uniq_natasha
D:4:      layout_rooms, serial_co_window_serial, co_window_corner_a,
          co_window_corner_a, co_window_of_opportunity_a, co_window_corner_a,
          co_window_corner_a, co_window_of_opportunity_a, co_window_corner_a,
          co_window_broadway_a, co_window_broadway_a,
          co_window_of_opportunity_c, co_window_broadway_a, co_window_4corner_a,
          co_window_paths_e, minmay_manual_maat
D:5:      layout_gridville, nicolae_overflow_squiral, cheibrodos_gnoll_hut

Skill      XL: |  1  2  3  4  5  6  7 |
---------------+----------------------+-----
Fighting       | 2 |  2.0
Dodging        | 3 5 6 7 |  7.0
Shapeshifting  | 4 5 6 7 |  7.0
Unarmed Combat | |  3.0

Action                     |  1- 3 |  4- 6 |  7- 9 || total
---------------------------+-------+-------+-------++-------
  Melee: Unarmed           |    83 |   144 |    35 ||   262
         Bite              |     8 |    11 |     6 ||    25
         Punch             |     1 |     4 |       ||     5
    Use: Potion            |     1 |       |     2 ||     3
   Stab: Sleeping          |     1 |     1 |       ||     2
         Distracted        |       |     1 |       ||     1
 Armour: Skin              |    15 |    29 |    33 ||    77
  Dodge: Dodged            |    60 |   112 |    74 ||   246
   Form: Flux              |       |       |     1 ||     1

Table legend: (Time is in decaauts)
 A = Elapsed time spent in this place.
 B = Non-inter-level travel time spent in this place.
 C = Inter-level travel time spent in this place.
 D = Time resting spent in this place.
 E = Time spent auto-exploring this place.
 F = Levels seen in this place.
 G = Mean time per level.
                   A        B        C        D        E       F      G
               +--------+--------+--------+--------+--------+-----+--------+
         Total |   2949 |   2614 |    335 |    214 |   1501 |   5 |  589.8 |
       Dungeon |   2949 |   2614 |    335 |    214 |   1501 |   5 |  589.8 |
               +--------+--------+--------+--------+--------+-----+--------+

Top non-repeatable levels by time:
     D:4: 1275 daAuts
     D:3: 734 daAuts
     D:1: 467 daAuts
     D:2: 398 daAuts
     D:5: 73 daAuts
